[Event "Early-Titled-Tuesday-Blitz-January-23-2024"]
[Site "Chess.com"]
[Date "2024.01.23"]
[Round "3"]
[White "eightbyeightchess"]
[Black "vladislavkovalev"]
[Result "0-1"]
[WhiteElo "2375"]
[BlackElo "2847"]
[TimeControl "180+1"]
[EndTime "8:27:40 PST"]
[Termination "vladislavkovalev won by checkmate"]

1. e4 e5 2. Nf3 Nc6 3. Bb5 a6 4.
Ba4 Nf6 5. d4 exd4 6. O-O Be7 7.
Re1 b5 8. Bb3 d6 9. Bd5 Nxd5 10.
exd5 Ne5 11. Nxd4 Bd7 12. b3 O-O 13. Bb2 Bf6 14. Nd2 g6 15. h3 Bg7 16. f4 c5 17.
fxe5 cxd4 18. Bxd4 Rc8 19. Nf3 Bf5 20. e6 fxe6 21.
dxe6 Re8 22. Bxg7 Kxg7 23. Nd4 Qf6 24. Nxf5+ gxf5 25. Qxd6 Rxc2 26. Qg3+ Kh8 27. Rad1 Rg8 28. Qf3 Qb2 29. e7 Rgxg2+ 30. Kh1 Rh2+ 31. Kg1 Rcg2+ 32. Kf1 Rh1# 0-1

[Event "Early-Titled-Tuesday-Blitz-January-23-2024"]
[Site "Chess.com"]
[Date "2024.01.23"]
[Round "3"]
[White "LeoLV10"]
[Black "AljoschaFeuerstack"]
[Result "0-1"]
[WhiteElo "2434"]
[BlackElo "2619"]
[TimeControl "180+1"]
[EndTime "8:27:40 PST"]
[Termination "AljoschaFeuerstack won by checkmate"]

1. e4 c6 2. d4 d5 3. e5 a6 4. Bd3 c5 5. c3 Nc6 6. Ne2 Bg4 7. f3 Bh5 8. Na3 e6 9. Nc2 c4 10. Nf4 cxd3 11. Nxh5 dxc2 12. Qxc2 Rc8 13. Qd3 Qh4+ 14. Ng3 Nge7 15. O-O g6 16. Ne2 Nf5 17. g3 Qd8 18. g4 Nh4 19. Ng3 Bg7 20. Be3 O-O 21. Qd2 f6 22.
exf6 Qxf6 23. f4 Na5 24. b3 Qd8 25. Qe1 b5 26. Bd2 Re8 27. Rd1 b4 28. Ne2 Nc6 29.
Qg3 bxc3 30. Bxc3 g5 31. fxg5 Qxg5 32. Bd2 Qd8 33. Bf4 Ng6 34. Be3 Qc7 35. Qg2 Rf8 36.
Rfe1 Nh4 37. Qh3 Nf3+ 38. Kg2 Nxe1+ 39. Rxe1 Ne7 40. Ng3 Ng6 41. Nh5 Qc2+ 42. Kh1 Qe4+ 43. Kg1 Rc2 44. Nxg7 Rf3 45. Qh6 Rf1+ 46. Kxf1 Qg2# 0-1

[Event "Early-Titled-Tuesday-Blitz-January-23-2024"]
[Site "Chess.com"]
[Date "2024.01.23"]
[Round "3"]
[White "TheNextLevelFan"]
[Black "NastyaHn"]
[Result "1/2-1/2"]
[WhiteElo "2548"]
[BlackElo "2365"]
[TimeControl "180+1"]
[EndTime "8:27:40 PST"]
[Termination "Game drawn - insufficient material"]

1. e4 c5 2. c3 Nf6 3. e5 Nd5 4.
d4 cxd4 5. Nf3 Nc6 6. cxd4 d6 7. Bc4 dxe5 8. dxe5 Ndb4 9. Qe2 Bf5 10. O-O Bd3 11. Bxd3 Qxd3 12. Qxd3 Nxd3 13. e6 fxe6 14. Nc3 h6 15.
Be3 Kf7 16. Rfd1 Nde5 17. Nxe5+ Nxe5 18. Bf4 Nc4 19. b3 Nd6 20. Be5 Rc8 21. Rac1 Rg8 22.
Na4 Rxc1 23. Rxc1 g5 24. Rc7 Kg6 25. Bxd6 exd6 26. Rxb7 Bg7 27. Rxa7 Rc8 28. g4 Rc1+ 29. Kg2 Rc2 30. Rd7 Be5 31. Nb6 d5 32. Nxd5 exd5 33. Rxd5 Bf4 34. a4 Rb2 35. Rb5 h5 36. h3 hxg4 37. hxg4 Kf6 38. Kf3 Ke6 39. a5 Kd6 40.
b4 Kc6 41. Rb6+ Kc7 42. Ke4 Rxf2 43. b5 Re2+ 44. Kf5 Re5+ 45. Kg6 Be3 46. Rc6+ Kd7 47. Rc3 Bf4 48. Rb3 Kc7 49. b6+ Kb7 50. a6+ Kxa6 51. b7 Re8 52. b8=Q Rxb8 53. Rxb8 Bxb8 54. Kxg5 Be5 55.
Kf5 Bc3 56. g5 Bb2 57. g6 Bc3 58. g7 Bxg7 1/2-1/2

[Event "Early-Titled-Tuesday-Blitz-January-23-2024"]
[Site "Chess.com"]
[Date "2024.01.23"]
[Round "3"]
[White "nickmatta"]
[Black "UK_23"]
[Result "1-0"]
[WhiteElo "2578"]
[BlackElo "2388"]
[TimeControl "180+1"]
[EndTime "8:27:41 PST"]
[Termination "nickmatta won by resignation"]

1. d4 d5 2. Bf4 Nf6 3. e3 c5 4. Nf3 Nc6 5. Nbd2 Bg4 6. c3 e6 7.
h3 Bxf3 8. Nxf3 Bd6 9. Ne5 Bxe5 10. dxe5 Nd7 11. Qg4 g6 12. Qg3 Qb8 13. Bb5 a6 14. Bxc6 bxc6 15. O-O h5 16. h4 c4 17. Rab1 Nc5 18.
Qg5 Qd8 19. Qg3 Ne4 20. Qh3 Nd2 21. Bg5 Qb6 22. Bf6 Rg8 23. e4 Nxf1 24. Kxf1 dxe4 25. b3 Ra7 26. Qg3 Rd7 27. Qf4 Qb5 28. a4 Qb6 29. Qxe4 a5 30. Qxc4 c5 31. b4 cxb4 32. Qc8+ Rd8 33. Bxd8 Qxd8 34. Qc6+ Qd7 35. Qa8+ Qd8 36.
Qxd8+ Kxd8 37. cxb4 axb4 38. Rxb4 Kc7 39. Rf4 Ra8 40.
Rxf7+ Kc6 41. Rf6 Kd5 42. Rxg6 Kxe5 43. Rg5+ Kd4 44. Rxh5 e5 45. Rh7 Rxa4 46. g4 e4 47. h5 Ke5 48. Rf7 e3 49. f3 Ra2 50.
h6 Rf2+ 51. Ke1 Rh2 52. h7 Kd4 53. g5 Kd3 54. Rd7+ Kc3 55. g6 1-0

[Event "Early-Titled-Tuesday-Blitz-January-23-2024"]
[Site "Chess.com"]
[Date "2024.01.23"]
[Round "3"]
[White "sterpfi"]
[Black "DefiantChair"]
[Result "0-1"]
[WhiteElo "2211"]
[BlackElo "2541"]
[TimeControl "180+1"]
[EndTime "8:27:41 PST"]
[Termination "DefiantChair won by resignation"]

1. e4 c5 2. Nf3 d6 3. Bb5+ Nd7 4. c3 Nf6 5. Qe2 a6 6. Ba4 b5 7. Bc2 e6 8. d4 Bb7 9. O-O Be7 10. Bf4 O-O 11. Nbd2 Qb6 12. a4 Rfc8 13. a5 Qd8 14. Rfe1 c4 15. Nf1 Nb8 16. Ng3 Nc6 17. e5 Nd5 18.
Bd2 Nxa5 19. exd6 Bxd6 20. Bxh7+ Kxh7 21. Ng5+ Kg8 22. Qh5 Qf6 23. Qh7+ Kf8 24. Nf5 Qxf5 25. Qh8+ Ke7 26. Qxg7 Rg8 27. Rxe6+ Qxe6 28. Nxe6 Rxg7 29.
Nxg7 Nb3 30. Bg5+ f6 31. Re1+ Kf7 32. Nf5 Bf8 33. Bh4 Re8 34. Rxe8 Kxe8 35. g4 b4 36. cxb4 Bxb4 37. Bg3 a5 38. h4 a4 39. h5 c3 40. bxc3 Bf8 41. h6 Bxh6 42. Nxh6 a3 43.
g5 fxg5 44. c4 a2 45. cxd5 a1=Q+ 46. Kh2 Bxd5 0-1

[Event "Early-Titled-Tuesday-Blitz-January-23-2024"]
[Site "Chess.com"]
[Date "2024.01.23"]
[Round "3"]
[White "Panchenko_Dmitry"]
[Black "SandwichOSaumon"]
[Result "0-1"]
[WhiteElo "2808"]
[BlackElo "2532"]
[TimeControl "180+1"]
[EndTime "8:27:42 PST"]
[Termination "SandwichOSaumon won on time"]

1. e4 e5 2. f4 exf4 3. Nf3 Ne7 4. d4 d6 5. Bxf4 Ng6 6. Bg3 Be7 7. Nc3 Nc6 8. Qd2 O-O 9. O-O-O Bg4 10. Kb1 Nh4 11. Nxh4 Bxd1 12. Nf5 Bg4 13. Ne3 Bg5 14. h4 Bh6 15.
Ncd5 Ne7 16. Nf4 Bd7 17. Bc4 c6 18. Rf1 b5 19. Bd3 f5 20. e5 dxe5 21. dxe5 Ng6 22. Nxg6 hxg6 23. Bf4 Bxf4 24. Rxf4 Be6 25. Qf2 Qc7 26. h5 g5 27. Bxf5 Bxf5 28. Rxf5 Qxe5 29. g4 Rxf5 30. Nxf5 Re8 31. Kc1 Qf4+ 32. Qxf4 gxf4 33. Nh4 Re3 34. Kd2 Rg3 35. Ke2 Rxg4 36. Ng6 Rg2+ 37. Kd3 f3 0-1

[Event "Early-Titled-Tuesday-Blitz-January-23-2024"]
[Site "Chess.com"]
[Date "2024.01.23"]
[Round "3"]
[White "pospisku"]
[Black "SnekkerAndersen"]
[Result "0-1"]
[WhiteElo "2291"]
[BlackElo "2641"]
[TimeControl "180+1"]
[EndTime "8:27:43 PST"]
[Termination "SnekkerAndersen won on time"]

1. e4 e5 2. Nf3 Nc6 3. Bc4 Nf6 4. d3 Be7 5. O-O O-O 6. Nbd2 d6 7. c3 Na5 8. Bb5 a6 9. Ba4 b5 10. Bc2 c5 11. Re1 Nc6 12. Nf1 Re8 13. Ng3 g6 14. d4 exd4 15. cxd4 Bf8 16. d5 Nb4 17. Bb1 a5 18. a4 bxa4 19. Rxa4 Bd7 20. Ra3 Bb5 21. Bd2 Bg7 22. Bc3 Nd7 23. h3 Ne5 24. Nxe5 Bxe5 25. Bxe5 Rxe5 26. f4 Re8 27. e5 dxe5 28. fxe5 Qxd5 29.
Qxd5 Nxd5 30. Ne4 Kg7 31. Nxc5 Rac8 32. Nb7 Rc6 33. Nd6 Rxd6 34. Rxa5 Bc6 35. Ba2 Nf4 36.
Rf1 Rd4 37. Ra7 Bd5 38. Bxd5 Nxd5 39. Rfxf7+ Kh6 40. Rxh7+ Kg5 41. Raf7 Rxe5 42. Kh2 Nf4 43. Rh8 Rd2 44. Kg3 Re3+ 45. Kh2 Rxg2+ 0-1

[Event "Early-Titled-Tuesday-Blitz-January-23-2024"]
[Site "Chess.com"]
[Date "2024.01.23"]
[Round "3"]
[White "AsselLesbekova"]
[Black "Bastiandash"]
[Result "0-1"]
[WhiteElo "2287"]
[BlackElo "2532"]
[TimeControl "180+1"]
[EndTime "8:27:43 PST"]
[Termination "Bastiandash won by resignation"]

1. e4 c6 2. d4 d5 3. e5 Bf5 4. Nd2 e6 5. Nb3 h6 6. Nf3 Nd7 7. Bd3 Bxd3 8. Qxd3 Ne7 9. O-O Qc7 10. Ne1 c5 11. dxc5 Nxe5 12. Qe2 Nd7 13. Nd3 Nc6 14. f4 Be7 15. Bd2 O-O 16. f5 e5 17. Rae1 Bf6 18.
g4 Rfe8 19. Qg2 e4 20. Nf4 Ne7 21. Be3 Ne5 22. Bd4 Nf3+ 23. Rxf3 Bxd4+ 24. Nxd4 exf3 25. Nxf3 Qxc5+ 26. Kh1 Nc6 27. Rg1 Qe3 28. Nh5 Ne5 29. Nh4 Qe4 30. Qxe4 dxe4 31. g5 Kh8 32. gxh6 gxh6 33.
Nf6 Red8 34. Nxe4 Rd4 35. Re1 Nc6 36. Nf3 Rd5 37. Ng3 Rad8 38. Kg2 Nd4 39. Ne5 Kg8 40. c3 Nc6 41. Nxc6 bxc6 42. Re7 R8d7 43. Re8+ Kh7 44.
Nh5 Rxf5 45. Rc8 Rxh5 0-1

[Event "Early-Titled-Tuesday-Blitz-January-23-2024"]
[Site "Chess.com"]
[Date "2024.01.23"]
[Round "3"]
[White "Matols"]
[Black "abelmat"]
[Result "1-0"]
[WhiteElo "2386"]
[BlackElo "2143"]
[TimeControl "180+1"]
[EndTime "8:27:43 PST"]
[Termination "Matols won on time"]

1. d4 d5 2. c4 e6 3. Nf3 Nf6 4. g3 Be7 5. Bg2 O-O 6. O-O dxc4 7. Qc2 a6 8. a4 Bd7 9. Qxc4 Bc6 10. Bf4 Nd5 11. Bd2 b5 12. Qd3 Nd7 13. a5 Bb7 14.
Rc1 c5 15. e4 c4 16. Qe2 Nb4 17. Nc3 Nd3 18. Rcb1 Bb4 19. b3 Bxc3 20. Bxc3 Nf6 21. bxc4 Bxe4 22. d5 exd5 23. cxd5 Nxd5 24. Bxg7 Re8 25.
Bd4 N3b4 26. Qd2 Bxb1 27. Rxb1 Qd6 28. Nh4 Rad8 29. Qg5+ Qg6 30. Nxg6 hxg6 31. h4 Re6 32. h5 Rde8 33. hxg6 1-0

[Event "Early-Titled-Tuesday-Blitz-January-23-2024"]
[Site "Chess.com"]
[Date "2024.01.23"]
[Round "3"]
[White "maurovargas01"]
[Black "ViktoriyaTarasova"]
[Result "1-0"]
[WhiteElo "1854"]
[BlackElo "2311"]
[TimeControl "180+1"]
[EndTime "8:27:43 PST"]
[Termination "maurovargas01 won on time"]

1. e4 e5 2. Nf3 Nc6 3. Bc4 Bc5 4. O-O d6 5. c3 Nf6 6. a4 a5 7. Na3 O-O 8. d4 Bb6 9. Re1 h6 10. Bb3 Bg4 11. Nc4 Ba7 12. Ne3 Bh5 13. h3 Nxe4 14. Nd5 Nf6 15. g4 Bg6 16. Nh4 Bh7 17. g5 Nxd5 18.
Bxd5 hxg5 19. Nf3 g4 20. Ng5 Qd7 21. Nxh7 Kxh7 22. Qd3+ f5 23. hxg4 g6 24. Kg2 Kg7 25. Rh1 Rh8 26. Bg5 e4 27. Qg3 Ne7 28. Bb3 d5 29.
Qf4 1-0

[Event "Early-Titled-Tuesday-Blitz-January-23-2024"]
[Site "Chess.com"]
[Date "2024.01.23"]
[Round "3"]
[White "Schachmalanders"]
[Black "WiktoriaPOL"]
[Result "1-0"]
[WhiteElo "2466"]
[BlackElo "2247"]
[TimeControl "180+1"]
[EndTime "8:27:44 PST"]
[Termination "Schachmalanders won by resignation"]

1. e4 c5 2. Nf3 d6 3. Bb5+ Nd7 4. Ba4 Nf6 5. O-O a6 6. c4 Nxe4 7. Re1 Nf6 8. d4 cxd4 9. Nxd4 g6 10. Bf4 e5 11. Nc3 Be7 12. Bh6 Bf8 13. Qd2 Ng4 14. Bg5 Be7 15. Bxe7 Qxe7 16. Nd5 Qd8 17. h3 Nf6 18.
Qh6 Nxd5 19. cxd5 Qf6 20. Rac1 b5 21. Bxb5 axb5 22. Nxb5 Kd8 23. Qe3 Ke7 24. Rc7 Kf8 25.
Rec1 Kg7 26. Nc3 Qf4 27. Qxf4 exf4 28. Ne4 Nc5 29. Nxd6 Nd3 30. R1c3 Ba6 31. Rxf7+ Kh6 32. b3 Rhd8 33. Ne4 Rf8 34. Rcc7 Rxf7 35. Rxf7 Ne5 36.
Re7 Nd3 37. d6 Re8 38. Rxe8 1-0

[Event "Early-Titled-Tuesday-Blitz-January-23-2024"]
[Site "Chess.com"]
[Date "2024.01.23"]
[Round "3"]
[White "ElCoachRene"]
[Black "Ducke13"]
[Result "1-0"]
[WhiteElo "1926"]
[BlackElo "2315"]
[TimeControl "180+1"]
[EndTime "8:27:44 PST"]
[Termination "ElCoachRene won on time"]

1. Nf3 Nf6 2. d4 g6 3. Bf4 Bg7 4. h3 d6 5. e3 O-O 6. Nbd2 Nc6 7. Bb5 Nd7 8. Bxc6 bxc6 9. O-O a5 10. a4 Ba6 11.
Re1 Rb8 12. b3 c5 13. c3 cxd4 14. exd4 c5 15. c4 cxd4 16. Rb1 e5 17. Bg5 f6 18. Bh4 g5 19. Bg3 Qb6 20. Ne4 h6 21. Nxd4 f5 22.
Nxf5 Rxf5 23. Nxd6 Rff8 24. Nb5 Bxb5 25. cxb5 Rbd8 26. Qd5+ Kh8 27. Rbd1 Nf6 28. Qc6 Qxc6 29. bxc6 Rxd1 30. Rxd1 Ne4 31. c7 Nxg3 32. Rd8 Ne2+ 33. Kf1 Nd4 34. c8=Q 1-0

[Event "Early-Titled-Tuesday-Blitz-January-23-2024"]
[Site "Chess.com"]
[Date "2024.01.23"]
[Round "3"]
[White "Kotofeyca"]
[Black "FREDERICKtheMATE"]
[Result "0-1"]
[WhiteElo "2351"]
[BlackElo "2566"]
[TimeControl "180+1"]
[EndTime "8:27:45 PST"]
[Termination "FREDERICKtheMATE won on time"]

1. d4 Nf6 2. c4 e6 3. Nf3 d5 4.
Nc3 Be7 5. cxd5 exd5 6. Bg5 c6 7. Qc2 h6 8. Bh4 Nh5 9. Bxe7 Qxe7 10. Nxd5 Qd8 11.
Nc3 O-O 12. e3 Bg4 13. Be2 Nd7 14. h3 Be6 15. Ne5 Nhf6 16. Nxd7 Qxd7 17. Ne4 Nxe4 18.
Qxe4 Bd5 19. Qf4 f5 20. O-O g5 21. Qg3 f4 22. exf4 Rxf4 23. Qc3 Qf7 24. b3 Rf8 25. f3 h5 26. Bc4 b5 27. Bxd5 Qxd5 28. Rfd1 g4 29. hxg4 hxg4 30. fxg4 Rxg4 31. Rd2 Rf5 32.
Rf1 Rfg5 33. Rff2 Rg3 34. Qb4 Qd8 35. d5 a5 36. Qf4 cxd5 37. Qf7+ Kh8 38. Rd4 Rg7 39.
Rh4+ Qxh4 40. Qf8+ Rg8 41. Qf5 Qg5 0-1

[Event "Early-Titled-Tuesday-Blitz-January-23-2024"]
[Site "Chess.com"]
[Date "2024.01.23"]
[Round "3"]
[White "Sadykov_Ramil"]
[Black "ReinisUz"]
[Result "1-0"]
[WhiteElo "2607"]
[BlackElo "2430"]
[TimeControl "180+1"]
[EndTime "8:27:47 PST"]
[Termination "Sadykov_Ramil won by resignation"]

1. e4 c5 2. Nf3 Nc6 3. Bb5 g6 4. Bxc6 bxc6 5. O-O Bg7 6. Re1 e5 7. c3 Qb6 8. Na3 Ba6 9. b3 Ne7 10. Nc4 Bxc4 11. bxc4 O-O 12. d3 d6 13. Bg5 f6 14. Be3 f5 15. Bg5 Rf7 16. Rb1 Qa5 17. Rb7 Bf8 18. Qb3 Qa6 19. Rb1 h6 20. Bxe7 Bxe7 21.
exf5 gxf5 22. d4 cxd4 23. cxd4 e4 24. c5 d5 25. Ne5 Rg7 26. Rxe7 Rxe7 27. Qg3+ Rg7 28.
Qh4 Rf8 29. Qxh6 Qxa2 30. Rf1 Qe2 31. Qxc6 Qh5 32. Qxd5+ Kh7 33. c6 Rfg8 34. g3 Kh8 35. Rc1 Rh7 36. h4 Qxh4 37. Qxg8+ Kxg8 38. gxh4 Rg7+ 39. Kf1 1-0

[Event "Early-Titled-Tuesday-Blitz-January-23-2024"]
[Site "Chess.com"]
[Date "2024.01.23"]
[Round "3"]
[White "Aash20"]
[Black "Jenia84"]
[Result "1/2-1/2"]
[WhiteElo "2481"]
[BlackElo "2331"]
[TimeControl "180+1"]
[EndTime "8:27:47 PST"]
[Termination "Game drawn - insufficient material"]

1. e4 c5 2. Nf3 d6 3. d4 cxd4 4. Qxd4 Nf6 5. e5 dxe5 6. Qxd8+ Kxd8 7. Nxe5 Be6 8. Nc3 Nbd7 9. Bf4 Nxe5 10. Bxe5 Nd7 11.
O-O-O a6 12. Bg3 g6 13. Be2 Bg7 14. Nd5 Rc8 15. Nb6 Rc6 16. Nxd7 Bxd7 17. Bf3 Rb6 18. b3 Kc8 19. Rhe1 Be6 20. c4 Rd8 21. Rxd8+ Kxd8 22. Rd1+ Kc8 23. Bd5 Bxd5 24. Rxd5 Re6 25. Rc5+ Rc6 26.
Rxc6+ bxc6 27. Kc2 Kd7 28. Kd3 e5 29. f3 Ke6 30. b4 Bf8 31. Kc3 f5 32. a4 Bd6 33.
b5 cxb5 34. cxb5 axb5 35. axb5 Bc5 36. Kc4 Bb6 37. Be1 g5 38. Bd2 h6 39. h4 f4 40.
hxg5 hxg5 41. Bb4 g4 42. Bc5 Bxc5 43. Kxc5 gxf3 44. gxf3 e4 45. b6 exf3 46. b7 f2 47.
b8=Q f1=Q 48. Qe8+ Kf5 49. Qf7+ Kg4 50. Qg6+ Kf3 51. Qh5+ Kf2 52. Qh4+ Ke2 53. Qe7+ Kd2 54. Qd6+ Kc2 55. Qg6+ Qd3 56. Qg2+ Kb3 57. Qb7+ Ka2 58.
Qf7+ Qb3 59. Qxf4 Qc3+ 60. Qc4+ Qxc4+ 61. Kxc4 1/2-1/2

[Event "Early-Titled-Tuesday-Blitz-January-23-2024"]
[Site "Chess.com"]
[Date "2024.01.23"]
[Round "3"]
[White "GulenayAydin"]
[Black "ferdipy"]
[Result "1-0"]
[WhiteElo "2558"]
[BlackElo "2301"]
[TimeControl "180+1"]
[EndTime "8:27:48 PST"]
[Termination "GulenayAydin won by checkmate"]

1. e4 c5 2. Nf3 d6 3. d4 cxd4 4. Nxd4 Nf6 5. Nc3 a6 6. a3 e5 7. Nf5 Bxf5 8. exf5 d5 9. Bg5 d4 10. Bxf6 Qxf6 11. Nd5 Qd8 12. Bc4 Nc6 13. O-O Be7 14.
Re1 O-O 15. Qf3 Rc8 16. Bd3 f6 17. Bc4 Kh8 18. Ba2 Na5 19. Re4 Nc4 20. Rh4 Rc5 21.
b4 Rc8 22. Rd1 h6 23. Bb3 b5 24. Rd3 Qe8 25. Qh3 Qf7 26. Rg3 Rg8 27. Nxe7 Qxe7 28. Rxh6+ gxh6 29. Qxh6+ Qh7 30. Qxf6+ Rg7 31. Kf1 Rg8 32.
Rh3 Qxh3 33. gxh3 Kh7 34. Qh4# 1-0

[Event "Early-Titled-Tuesday-Blitz-January-23-2024"]
[Site "Chess.com"]
[Date "2024.01.23"]
[Round "3"]
[White "vedantgoswami"]
[Black "ChessSwole"]
[Result "0-1"]
[WhiteElo "2301"]
[BlackElo "2636"]
[TimeControl "180+1"]
[EndTime "8:27:48 PST"]
[Termination "ChessSwole won by checkmate"]

1. d4 d5 2. Bf4 c5 3. c3 Nc6 4.
e3 Nf6 5. Nd2 Bf5 6. Ngf3 e6 7.
Bb5 Bd6 8. dxc5 Bxc5 9. Nd4 Bxd4 10. exd4 O-O 11. O-O Ne7 12. Bg5 Nc8 13. Re1 Nd6 14. Bf1 h6 15. Bh4 Bg6 16. Nf3 Bh5 17.
Be2 Nf5 18. Bg3 Ne4 19. Qb3 Qe7 20. Ne5 Bxe2 21. Rxe2 Rfc8 22. Rae1 h5 23. Bf4 a5 24. a4 Qh4 25. Bc1 Qe7 26. f3 Ned6 27. Nd3 Nc4 28. Bf4 Ra6 29. Ne5 Rb6 30. Qa2 Qe8 31.
Bc1 Nfd6 32. Nd3 Rbc6 33. b3 Nb6 34. Bd2 Nd7 35. Qa3 Qd8 36. Ne5 Nxe5 37. Rxe5 g6 38. Qb2 Qb6 39. h4 Nc4 40. Qc1 Nxd2 41. Qxd2 Rxc3 42.
Qh6 Qxd4+ 43. Kh2 Qxh4+ 44. Kg1 Rc2 45. Rxe6 Qf2+ 46. Kh1 Qxg2# 0-1

[Event "Early-Titled-Tuesday-Blitz-January-23-2024"]
[Site "Chess.com"]
[Date "2024.01.23"]
[Round "3"]
[White "CSB7"]
[Black "amintabatabaei"]
[Result "0-1"]
[WhiteElo "2744"]
[BlackElo "3030"]
[TimeControl "180+1"]
[EndTime "8:27:49 PST"]
[Termination "amintabatabaei won on time"]

1. d4 Nf6 2. Nf3 g6 3. c4 Bg7 4. Nc3 d6 5. e4 O-O 6. Be2 e5 7.
dxe5 dxe5 8. Qxd8 Rxd8 9. Bg5 Re8 10. Nd5 Nxd5 11. cxd5 c6 12. Bc4 b5 13. Bb3 Bb7 14. Rd1 a5 15. a3 Nd7 16. O-O Nc5 17.
dxc6 Bxc6 18. Bd5 Bxd5 19. exd5 e4 20. Nd4 Re5 21. Be3 Rxd5 22. Nxb5 Rxd1 23. Rxd1 Nd3 24. b3 f5 25. g3 Rc8 26. a4 Rc2 27. h4 Rb2 28.
Bb6 Bf8 29. Nd4 Nxf2 30. Rc1 Bd6 31. Ne6 Bxg3 32. Rc8+ Kf7 33. Ng5+ Ke7 34. Nxh7 Bxh4 35. Rc7+ Kd6 36. Nf8 Nh3+ 37. Kf1 Bf2 38. Rd7+ Kc6 39.
Bxa5 e3 40. Re7 Nf4 0-1

[Event "Early-Titled-Tuesday-Blitz-January-23-2024"]
[Site "Chess.com"]
[Date "2024.01.23"]
[Round "3"]
[White "Rurep26"]
[Black "Natalya_Buksa"]
[Result "0-1"]
[WhiteElo "2769"]
[BlackElo "2571"]
[TimeControl "180+1"]
[EndTime "8:27:49 PST"]
[Termination "Natalya_Buksa won by resignation"]

1. d4 d5 2. Bf4 Nf6 3. e3 g6 4. Nd2 Bg7 5. h4 c5 6. c3 Nc6 7. Ngf3 h6 8. Ne5 Qb6 9. Qb3 c4 10. Qc2 Bf5 11. Qc1 Ne4 12. Nxe4 Bxe4 13. f3 Bf5 14. g4 Be6 15. Be2 O-O-O 16. Nxc6 Qxc6 17. b3 g5 18. Bg3 h5 19. gxh5 Rxh5 20. f4 g4 21. Kf2 f5 22. Qa3 Bf6 23. Qxa7 Rdh8 24. b4 Bd7 25. a4 Kc7 26. b5 Qb6 27. Qxb6+ Kxb6 28. Rh2 Bxh4 29. Rah1 Bxg3+ 30. Kxg3 Rxh2 31. Rxh2 Rxh2 32. Kxh2 Bxb5 33. axb5 Kxb5 34. Bd1 Ka5 35. Bc2 e6 36. e4 dxe4 37. Bxe4 fxe4 38. d5 Kb6 39.
dxe6 Kc7 40. f5 Kd6 41. Kg3 e3 42. Kg2 b5 43. Kg3 Ke7 44. Kg2 b4 45. cxb4 c3 0-1

[Event "Early-Titled-Tuesday-Blitz-January-23-2024"]
[Site "Chess.com"]
[Date "2024.01.23"]
[Round "3"]
[White "Maus7"]
[Black "Alen_Yeremyann"]
[Result "1-0"]
[WhiteElo "2529"]
[BlackElo "2784"]
[TimeControl "180+1"]
[EndTime "8:27:49 PST"]
[Termination "Maus7 won by resignation"]

1. Nf3 Nf6 2. b3 g6 3. Bb2 Bg7 4. g3 O-O 5. Bg2 d5 6. O-O c5 7. d3 d4 8. Nbd2 Nd5 9. a4 Nc6 10. Nc4 b6 11. Qe1 Bb7 12. e4 dxe3 13. fxe3 Bxb2 14.
Nxb2 Rc8 15. Nc4 Nf6 16. Qc3 Nb4 17. Rf2 Ng4 18. Re2 Nd5 19. Qb2 Ba6 20. h3 Bxc4 21. bxc4 Ngxe3 22. cxd5 Nxg2 23. Qe5 c4 24. Kxg2 cxd3 25.
cxd3 Rc5 26. d4 Rxd5 27. Qxe7 Qc8 28. Qxa7 Qc4 29. Rf2 Rd6 30. Qe7 Qd5 31. Qe5 Qc6 32.
h4 h5 33. Qb5 Qa8 34. a5 bxa5 35. Rxa5 Qe4 36. Qe5 Qc6 37. Rc5 Qd7 38. Qf4 Re6 39.
Rfc2 Qe7 40. Re5 Qd6 41. Rxe6 Qxe6 42. Qe5 Qb3 43. Rd2 Qa4 44. d5 Re8 45. Qd4 Qd7 46. d6 Qb5 47. Qd3 Qd7 48. Kf2 Rd8 49. Qd4 Qh3 50. d7 Qe6 51. Ne5 Qh3 52. Qd5 Qf5+ 53. Kg2 Kg7 54. Rf2 Qe6 55. Rxf7+ 1-0

[Event "Early-Titled-Tuesday-Blitz-January-23-2024"]
[Site "Chess.com"]
[Date "2024.01.23"]
[Round "3"]
[White "SmirnovAlexandrA"]
[Black "FREZZY23"]
[Result "0-1"]
[WhiteElo "2616"]
[BlackElo "2463"]
[TimeControl "180+1"]
[EndTime "8:27:49 PST"]
[Termination "FREZZY23 won by resignation"]

1. e4 c5 2. Nf3 d6 3. Bc4 Nf6 4. e5 dxe5 5. Nxe5 e6 6. Qe2 Bd6 7. f4 O-O 8. O-O b6 9. a4 Bb7 10. Na3 Nd5 11. b3 Qf6 12. Bxd5 exd5 13. Bb2 d4 14. Nac4 Nc6 15. Nxd6 Qxd6 16. Nxc6 Qxc6 17. Rae1 Rae8 18. Qf2 f6 19. d3 f5 20. c3 dxc3 21.
Bxc3 Qd5 22. Qg3 Qf7 23. Re5 Rxe5 24. Bxe5 Bd5 25. d4 Bxb3 26. dxc5 bxc5 27. Bxg7 Qxg7 28.
Qxb3+ Kh8 29. Qd5 Qe7 30. Qe5+ Qxe5 31. fxe5 Kg7 32. Rc1 Rc8 33. Kf2 Kf7 34. Ke3 Ke6 35. Kf4 c4 36. Rc3 a5 37. h3 h5 38. g3 Rc5 39.
Kg5 Kxe5 40. Kxh5 Kd4 41. Rc1 f4+ 42. Kg4 fxg3 43. Kxg3 c3 44. h4 Kd3 45. Kf4 Kd2 46. Rg1 c2 47. Rg2+ Kd3 48. Rg3+ Kc4 49. Rg1 Kb4 50. Rc1 Kb3 0-1

[Event "Early-Titled-Tuesday-Blitz-January-23-2024"]
[Site "Chess.com"]
[Date "2024.01.23"]
[Round "3"]
[White "Jumbo"]
[Black "Egor_Koshulyan"]
[Result "1-0"]
[WhiteElo "2974"]
[BlackElo "2692"]
[TimeControl "180+1"]
[EndTime "8:27:50 PST"]
[Termination "Jumbo won by resignation"]

1. d4 d5 2. Nf3 Nf6 3. Bf4 c5 4. e3 Nc6 5. Nbd2 Qb6 6. dxc5 Qxb2 7. Rb1 Qc3 8. Bb5 g6 9. O-O Bg7 10. Ne5 Bd7 11. Nxd7 Nxd7 12. Nb3 O-O 13. Qxd5 Rfd8 14. Qd3 Qf6 15. Qe4 Rac8 16. Rfd1 e5 17. Bg3 Qe7 18.
Bh4 g5 19. Bg3 Nxc5 20. Nxc5 Qxc5 21. Bd3 Rxd3 22. cxd3 Qe7 23. h4 gxh4 24. Bxh4 Qe6 25. Rxb7 Qxa2 26. Rc1 Qa6 27. Rd7 Qb6 28. Rxc6 Rxc6 29.
Rd8+ Bf8 30. g4 Rg6 31. Be7 Qb1+ 32. Kg2 f5 33. Qxf5 Rxg4+ 34. Qxg4+ Kf7 35. Rxf8+ 1-0

[Event "Early-Titled-Tuesday-Blitz-January-23-2024"]
[Site "Chess.com"]
[Date "2024.01.23"]
[Round "3"]
[White "BilodeauA"]
[Black "Ginger_GM"]
[Result "1-0"]
[WhiteElo "2929"]
[BlackElo "2680"]
[TimeControl "180+1"]
[EndTime "8:27:50 PST"]
[Termination "BilodeauA won by resignation"]

1. e4 c5 2. Nf3 d6 3. d4 cxd4 4.
Nxd4 Nf6 5. Nc3 g6 6. Be2 Bg7 7. O-O Nc6 8. Be3 O-O 9. Nb3 Be6 10. f4 Rc8 11. Kh1 a6 12. Bf3 Nd7 13. Bg1 b5 14. Rb1 Na5 15. Nd5 Nc4 16. c3 Bxd5 17. exd5 Ndb6 18.
Nd4 Qd7 19. Re1 Rfe8 20. Qe2 Na4 21. Bg4 f5 22. Bf3 Bf6 23. g3 Kh8 24. h4 Nc5 25. b3 Na3 26. Rbc1 Ne4 27. Bxe4 fxe4 28. Qxe4 Qh3+ 29. Bh2 Rc5 30. f5 g5 31. hxg5 Bxg5 32. Ne6 Bf6 33. Nxc5 dxc5 34. d6 c4 35. Qc6 Qh5 36.
g4 Qf7 37. dxe7 Rxe7 38. Re6 Rxe6 39. fxe6 Qe7 40. Rf1 Kg7 41. Qd7 b4 42. Rxf6 Qxd7 43. exd7 1-0

[Event "Early-Titled-Tuesday-Blitz-January-23-2024"]
[Site "Chess.com"]
[Date "2024.01.23"]
[Round "3"]
[White "eljanov"]
[Black "Artyom_ChessMate"]
[Result "1-0"]
[WhiteElo "2854"]
[BlackElo "2527"]
[TimeControl "180+1"]
[EndTime "8:27:50 PST"]
[Termination "eljanov won on time"]

1. e4 c5 2. Nf3 d6 3. d4 cxd4 4. Nxd4 Nf6 5. Nc3 g6 6. g3 Bg7 7. Bg2 O-O 8. O-O Nc6 9. Nde2 Rb8 10. a4 b6 11. h3 Bb7 12. Nd5 e6 13. Nxf6+ Bxf6 14.
c3 Qe7 15. Bh6 Rfd8 16. f4 Rbc8 17. g4 Na5 18. Ng3 Nc4 19. Qe2 Qc7 20. g5 Bh8 21.
Kh2 Qc5 22. Rae1 b5 23. b3 Nb6 24. axb5 Qxc3 25. Rf3 Qc2 26. Qf1 Rc3 27. Rxc3 Qxc3 28.
Nh1 Qxb3 29. Nf2 Qc4 30. Re2 Qxb5 31. Qd1 Nc4 32. Ng4 Qc5 33. Nf6+ Bxf6 34. gxf6 a5 35. Rc2 d5 36. Bf1 a4 37. Rxc4 Qf2+ 38. Bg2 Ra8 39.
Rc7 Ba6 40. Qxa4 1-0